 Dungeon Crawl Stone Soup version 0.29.1 (webtiles) character file.

Game seed: 543995963606752274

7917 qw the Cleaver (level 11, -3/68 HPs)
             Began as a Gargoyle Fighter on Sept 13, 2022.
             Was an Elder of Okawaru.
             Slain by an eight-headed hydra (8 damage)
             ... on level 1 of the Lair of Beasts.
             The game lasted 00:03:52 (11047 turns).

qw the Cleaver (Gargoyle Fighter)                  Turns: 11047, Time: 00:03:53

Health: -3/68      AC: 28    Str: 23    XL:     11   Next: 22%
Magic:  15/15      EV: 10    Int: 10    God:    Okawaru [****..]
Gold:   226        SH: 13    Dex: 15    Spells: 10/10 levels left

rFire   . . .      SeeInvis .   b - +0 morningstar
rCold   . . .      Faith    .   p - +0 kite shield
rNeg    + . .      Spirit   .   g - +0 chain mail
rPois   inf        Reflect  .   o - +0 helmet
rElec   +          Harm     .   r - +0 cloak
rCorr   .          Rampage  .   l - +2 pair of gloves
Will    .....                   j - +0 pair of boots
Stlth   ..........              (no amulet)
HPRegen 0.21/turn               m - +6 ring of dexterity
MPRegen 0.14/turn               (no ring)

@: heroic, slowed, very slow
A: sickness immunity, AC +8, negative energy resistance 1, electricity
resistance, torment resistance 1, petrification resistance
a: Renounce Religion, Heroism, Finesse


You were on level 1 of the Lair of Beasts.
You worshipped Okawaru.
Okawaru was greatly pleased with you.
You visited 3 branches of the dungeon, and saw 11 of its levels.

You collected 547 gold pieces.
You spent 321 gold pieces at shops.


Innate Abilities, Weirdness & Mutations

You are immune to sickness and miasma.
Your stone body is resilient. (AC +8)
You are immune to poison.
You resist negative energy. (rN+)
You are resistant to electric shocks. (rElec)
You are resistant to unholy torment.
You are immune to petrification.


   Skills:
 - Level 8.1(13.1) Fighting
 - Level 10.1(15.1) Axes
 - Level 1.8(6.8) Throwing
 + Level 6.8(11.8) Armour
 - Level 2.0(7.0) Dodging
 - Level 9.2(14.2) Shields
 + Level 5.7 Invocations


You had 10 spell levels left.
You didn't know any spells.
Your spell library was empty.

Inventory:

Hand Weapons
 b - a +0 morningstar (weapon)
 Y - a +0 war axe of protection
Armour
 g - a +0 chain mail (worn)
 j - a +0 pair of boots (worn)
 l - a +2 pair of gloves (worn)
 n - +0 acid dragon scales
 o - a +0 helmet (worn)
 p - a +0 kite shield (worn)
 r - a +0 cloak (worn)
Jewellery
 m - a +6 ring of dexterity (left hand)
Scrolls
 a - 2 scrolls of identify
 e - a scroll of blinking
Potions
 d - 6 potions of might
 f - 7 potions of curing
 h - 2 potions of lignification
 i - a potion of resistance
 q - 3 potions of attraction

Dungeon Overview and Level Annotations

Branches:
Dungeon (9/15)             Temple (1/1) D:6            Lair (1/5) D:9
    Orc: D:9-12

Altars:
Ashenzari
Cheibriados
Dithmenos
Elyvilon
Fedhas
Gozag
Hepliaklqana
Kikubaaqudgha
Makhleb
Nemelex Xobeh
Okawaru
Qazlal
Ru
Sif Muna
Trog
Uskayaw
Vehumet
Wu Jian
Xom
Yredelemnul
Zin
The Shining One

Shops:
D:4 (   D:8 =   D:9 !*((

Annotations:
D:4 2 runed translucent doors, qw's ghost, weakling GrDe
D:7 2 transporters, qw's ghost, novice GrFi


Message History

You block the eight-headed hydra's attack.
The eight-headed hydra bites you but does no damage.
The eight-headed hydra bites you! The eight-headed hydra bites you.
You block the eight-headed hydra's attack.
The eight-headed hydra bites you but does no damage. x4
You thump the eight-headed hydra!
The eight-headed hydra is lightly wounded.
The eight-headed hydra bites you but does no damage.
The eight-headed hydra closely misses you.
The eight-headed hydra bites you but does no damage.
The eight-headed hydra bites you.
You block the eight-headed hydra's attack. x2
The eight-headed hydra bites you.
The eight-headed hydra closely misses you.
You puncture the eight-headed hydra!
The eight-headed hydra is moderately wounded.
The eight-headed hydra bites you but does no damage. x5
The eight-headed hydra barely misses you.
The eight-headed hydra bites you but does no damage.
The eight-headed hydra barely misses you.
You block the eight-headed hydra's attack.
The eight-headed hydra bites you but does no damage.
The eight-headed hydra barely misses you.
The eight-headed hydra bites you but does no damage. x3
The eight-headed hydra bites you. The eight-headed hydra misses you.
You sock the eight-headed hydra!
The eight-headed hydra is moderately wounded.
The eight-headed hydra bites you but does no damage.
The eight-headed hydra barely misses you.
The eight-headed hydra bites you but does no damage.
The eight-headed hydra closely misses you.
The eight-headed hydra bites you but does no damage. x2
You block the eight-headed hydra's attack. x3
The eight-headed hydra bites you but does no damage.
You block the eight-headed hydra's attack.
The eight-headed hydra closely misses you.
The eight-headed hydra bites you but does no damage.
You block the eight-headed hydra's attack.
The eight-headed hydra bites you!
You die...

..P#.# .#
......##.#
.#.
#........##.#
.........#..
...........#
.......w...#
...........#
..>...%D...#
......%@..P#
......%.%.##
..........#
.........##
#........#
##.......#
#.......#
#.....##.


You could see an eight-headed hydra and a torpor snail.

Vanquished Creatures
  A two-headed ogre (D:9)
  A necromancer (D:9)
  Psyche (D:8)
  3 komodo dragons
  A troll (D:9)
  Grinder (D:6)
  A wyvern (D:9)
  13 yaks
  3 basilisks
  2 water moccasins
  An acid dragon (D:8)
  2 orc warriors (D:9)
  A swamp drake (D:9)
  3 ice beasts
  2 centaurs
  5 bullfrogs
  3 necrophages
  3 scorpions
  A howler monkey (D:6)
  3 jellies
  2 hounds (D:5)
  8 orc priests
  3 iguanas
  9 orc wizards
  A hell rat (Lair:1)
  3 polar bear simulacra (D:9)
  2 wolf simulacra (D:9)
  5 yak simulacra (D:9)
  6 gnolls
  16 adders
  A white imp (D:8)
  An ufetubus (D:6)
  2 worms (D:2)
  2 dart slugs
  36 orcs
  12 bats
  9 endoplasms
  2 giant cockroaches
  5 goblins
  11 hobgoblins
  6 jackals
  3 quokkas
  7 ball pythons
  3 frilled lizards
  6 kobolds
  9 rats
  A river rat simulacrum (D:9)
222 creatures vanquished.

Vanquished Creatures (others)
  A hound (D:6)
  An orc wizard (D:8)
  A fungus (Lair:1)
  3 plants
6 creatures vanquished.

Grand Total: 228 creatures vanquished

Notes
Turn   | Place    | Note
-------+----------+-------------------------------------------
     0 | D:1      | qw the Gargoyle Fighter began the quest for the Orb.
     0 | D:1      | Reached XP level 1. HP: 14/14 MP: 1/1
     0 | D:1      | 0 ||| qw: Version: 0.1-a-119-g272c26d
     0 | D:1      | 0 ||| qw: Game counter: 11202
     0 | D:1      | 0 ||| qw: Always use a shield: true
     0 | D:1      | 0 ||| qw: God list: Okawaru
     0 | D:1      | 0 ||| qw: Allow faded altars: false
     0 | D:1      | 0 ||| qw: Do Orc after D:15 true
     0 | D:1      | 0 ||| qw: Do second Lair branch before Depths: true
     0 | D:1      | 0 ||| qw: Lair rune preference: random
     0 | D:1      | 0 ||| qw: Plans: Normal, Zot, God:TSO, Crypt, Tomb, Pan,
                  | Slime, Hells, Zig, Abyss, Orb
     0 | D:1      | 0 ||| PLANNING D:1-11
    75 | D:1      | Reached skill level 2 in Axes
   290 | D:1      | Reached XP level 2. HP: 19/19 MP: 2/2
   356 | D:1      | 356 ||| Stepping ~*~*~tactically~*~*~ (stealth).
   437 | D:1      | 437 ||| Stepping ~*~*~tactically~*~*~ (hiding).
   529 | D:1      | Reached skill level 3 in Axes
   799 | D:1      | Reached XP level 3. HP: 18/23 MP: 3/3
   900 | D:1      | 900 ||| Stepping ~*~*~tactically~*~*~ (stealth).
  1194 | D:1      | 1194 ||| DROPPING ring of flight.
  1195 | D:1      | 1195 ||| UPGRADING to +6 ring of dexterity.
  1196 | D:1      | 1196 ||| READING 2 scrolls labelled TOMUHA VASAVO.
  1297 | D:1      | 1297 ||| READING scroll labelled KEFASK YNAUTRU.
  1298 | D:1      | 1298 ||| READING scroll labelled GATWENGA YKOSS.
  1299 | D:1      | 1299 ||| READING scroll labelled ERYSTAUPAD.
  1303 | D:1      | 1303 ||| READING scroll labelled BIMIS AGIAZIBU.
  1304 | D:1      | 1304 ||| DROPPING scroll of silence.
  1634 | D:2      | 1634 ||| Stepping ~*~*~tactically~*~*~ (stealth).
  1637 | D:2      | 1637 ||| Stepping ~*~*~tactically~*~*~ (stealth).
  1644 | D:2      | Reached skill level 1 in Dodging
  1915 | D:2      | 1915 ||| Stepping ~*~*~tactically~*~*~ (stealth).
  1916 | D:2      | 1916 ||| Stepping ~*~*~tactically~*~*~ (stealth).
  1925 | D:2      | Reached XP level 4. HP: 28/28 MP: 4/4
  2046 | D:2      | 2046 ||| Stepping ~*~*~tactically~*~*~ (hiding).
  2056 | D:2      | 2056 ||| Stepping ~*~*~tactically~*~*~ (stealth).
  2067 | D:2      | 2067 ||| DROPPING +0 club.
  2088 | D:2      | 2088 ||| Stepping ~*~*~tactically~*~*~ (stealth).
  2126 | D:2      | 2126 ||| READING 2 scrolls labelled OTOASOBR JIDA.
  2175 | D:2      | 2175 ||| DROPPING scroll of torment.
  2333 | D:3      | Reached skill level 4 in Axes
  2359 | D:3      | Found a faded altar of an unknown god.
  2475 | D:3      | 2475 ||| Stepping ~*~*~tactically~*~*~ (stealth).
  2476 | D:3      | 2476 ||| Stepping ~*~*~tactically~*~*~ (stealth).
  2794 | D:3      | Reached XP level 5. HP: 31/32 MP: 5/5
  3315 | D:3      | 3315 ||| UPGRADING to +0 chain mail.
  3325 | D:3      | 3325 ||| DROPPING +0 scale mail.
  3326 | D:3      | 3326 ||| UPGRADING to +0 pair of gloves.
  3331 | D:3      | 3331 ||| READING 2 scrolls labelled HOAHOT IBEEFEO.
  3332 | D:3      | 3332 ||| READING scroll labelled ROAMEL LISE.
  3333 | D:3      | 3333 ||| DRINKING 2 sedimented pink potions.
  3334 | D:3      | 3334 ||| DRINKING 2 bubbling black potions.
  3335 | D:3      | 3335 ||| DROPPING scroll of immolation.
  3336 | D:3      | 3336 ||| DROPPING potion of degeneration.
  3408 | D:4      | You fall into a shaft and drop 3 floors!
  3417 | D:7      | Noticed a centaur
  3418 | D:7      | 3418 ||| Stepping ~*~*~tactically~*~*~ (stealth).
  3428 | D:7      | Killed a centaur
  3429 | D:7      | Reached skill level 5 in Axes
  3429 | D:7      | Reached XP level 6. HP: 21/37 MP: 6/6
  3460 | D:7      | 3460 ||| Stepping ~*~*~tactically~*~*~ (stealth).
  3461 | D:7      | 3461 ||| Stepping ~*~*~tactically~*~*~ (stealth).
  3463 | D:7      | 3463 ||| Stepping ~*~*~tactically~*~*~ (stealth).
  3465 | D:7      | 3465 ||| Stepping ~*~*~tactically~*~*~ (stealth).
  3519 | D:7      | 3519 ||| Stepping ~*~*~tactically~*~*~ (stealth).
  3520 | D:7      | 3520 ||| Stepping ~*~*~tactically~*~*~ (stealth).
  3521 | D:7      | 3521 ||| Stepping ~*~*~tactically~*~*~ (stealth).
  3803 | D:7      | Reached skill level 6 in Axes
  3803 | D:7      | Reached XP level 7. HP: 43/43 MP: 7/7
  3925 | D:7      | Found a transporter.
  3926 | D:7      | Noticed a boulder beetle
  3929 | D:7      | Noticed qw's ghost (novice GrFi)
  3937 | D:7      | Found a transporter.
  4055 | D:7      | 4055 ||| UPGRADING to +0 helmet.
  4060 | D:7      | 4060 ||| READING scroll labelled DETYSO ZEULE.
  4061 | D:7      | 4061 ||| DRINKING 2 lumpy green potions.
  4165 | D:7      | 4165 ||| DROPPING potion of berserk rage.
  4218 | D:6      | Found a staircase to the Ecumenical Temple.
  4219 | D:6      | 4219 ||| PLANNING TEMPLE
  4224 | Temple   | Entered the Ecumenical Temple
  4398 | Temple   | 4398 ||| PLANNING D:1-11
  4484 | D:6      | 4484 ||| Stepping ~*~*~tactically~*~*~ (hiding).
  4485 | D:6      | 4485 ||| Stepping ~*~*~tactically~*~*~ (hiding).
  4486 | D:6      | 4486 ||| Stepping ~*~*~tactically~*~*~ (hiding).
  4491 | D:6      | HP: 10/43 [centaur/arrow (7)]
  4492 | D:6      | 4492 ||| DRINKING 2 potions of heal wounds.
  4543 | D:6      | 4543 ||| Stepping ~*~*~tactically~*~*~ (stealth).
  4559 | D:6      | Reached skill level 7 in Axes
  4771 | D:6      | 4771 ||| READING scroll labelled DAUCEE TOAM.
  4780 | D:5      | Entered Level 5 of the Dungeon
  4797 | D:5      | 4797 ||| Stepping ~*~*~tactically~*~*~ (stealth).
  4829 | D:5      | Reached skill level 1 in Throwing
  4829 | D:5      | Reached XP level 8. HP: 49/49 MP: 8/8
  4871 | D:5      | 4871 ||| Stepping ~*~*~tactically~*~*~ (hiding).
  4997 | D:5      | Found a shimmering altar of Xom.
  5004 | D:5      | Found a snail-covered altar of Cheibriados.
  5004 | D:5      | Found a shadowy altar of Dithmenos.
  5007 | D:5      | Found a stormy altar of Qazlal.
  5007 | D:5      | Found a hazy altar of Hepliaklqana.
  5007 | D:5      | Found a shimmering altar of Xom.
  5152 | D:5      | 5152 ||| Stepping ~*~*~tactically~*~*~ (stealth).
  5260 | D:5      | 5260 ||| READING scroll labelled CUUPLO JUCYRA.
  5261 | D:5      | 5261 ||| DRINKING 3 golden potions.
  5336 | D:4      | Found an ornate altar of the Wu Jian Council.
  5354 | D:4      | 5354 ||| Stepping ~*~*~tactically~*~*~ (stealth).
  5359 | D:4      | 5359 ||| Stepping ~*~*~tactically~*~*~ (stealth).
  5369 | D:4      | 5369 ||| Stepping ~*~*~tactically~*~*~ (hiding).
  5371 | D:4      | 5371 ||| Stepping ~*~*~tactically~*~*~ (hiding).
  5391 | D:4      | Reached skill level 8 in Axes
  5520 | D:4      | Found a runed translucent door.
  5602 | D:4      | Found Zulirivu's Antique Weapon Boutique.
  5622 | D:4      | Found an opulent altar of Gozag.
  5713 | D:4      | HP: 10/50 [orc priest/nerve-wracking pain (4)]
  5714 | D:4      | 5714 ||| DRINKING 2 potions of heal wounds.
  5736 | D:4      | Reached skill level 6 in Fighting
  5804 | D:4      | 5804 ||| Stepping ~*~*~tactically~*~*~ (stealth).
  5819 | D:4      | Found an iron altar of Okawaru.
  5965 | D:4      | Found a runed translucent door.
  5966 | D:4      | Noticed qw's ghost (weakling GrDe)
  6183 | D:4      | 6183 ||| READING scroll labelled HITHUB BUDIVYO.
  6277 | D:4      | Became a worshipper of Warmaster Okawaru
  6396 | D:5      | 6396 ||| Stepping ~*~*~tactically~*~*~ (hiding).
  6431 | D:5      | 6431 ||| DROPPING +0 flail.
  6967 | D:5      | 6967 ||| Stepping ~*~*~tactically~*~*~ (stealth).
  7081 | D:5      | Reached XP level 9. HP: 46/55 MP: 9/9
  7335 | D:5      | 7335 ||| UPGRADING to +0 cloak.
  7340 | D:5      | 7340 ||| READING 4 scrolls of identify.
  7340 | D:5      | 7340 ||| IDENTIFYING black potion
  7341 | D:5      | 7341 ||| READING 3 scrolls of identify.
  7341 | D:5      | 7341 ||| IDENTIFYING glowing dark potion
  7342 | D:5      | 7342 ||| READING 2 scrolls of identify.
  7342 | D:5      | 7342 ||| IDENTIFYING white potion
  7343 | D:5      | 7343 ||| DROPPING potion of brilliance.
  7344 | D:5      | 7344 ||| DROPPING potion of flight.
  7625 | D:6      | 7625 ||| DRINKING 3 potions of curing.
  7625 | D:6      | 7625 ||| (to cure confusion)
  7668 | D:6      | 7668 ||| Stepping ~*~*~tactically~*~*~ (hiding).
  7685 | D:6      | 7685 ||| Stepping ~*~*~tactically~*~*~ (stealth).
  7787 | D:6      | 7787 ||| READING scroll of enchant armour.
  7787 | D:6      | 7787 ||| ENCHANTING +0 pair of gloves.
  8029 | D:6      | Reached skill level 9 in Axes
  8141 | D:6      | Noticed Grinder
  8142 | D:6      | 8142 ||| Stepping ~*~*~tactically~*~*~ (hiding).
  8145 | D:6      | Paralysed by Grinder for 3 turns
  8153 | D:6      | Paralysed by Grinder for 3 turns
  8170 | D:6      | Killed Grinder
  8238 | D:6      | 8238 ||| DRINKING 2 amethyst potions.
  8239 | D:6      | 8239 ||| READING 2 scrolls of identify.
  8239 | D:6      | 8239 ||| IDENTIFYING lumpy puce potion
  8240 | D:6      | 8240 ||| DROPPING potion of invisibility.
  8510 | D:8      | Found Faje's Jewellery Emporium.
  8520 | D:8      | 8520 ||| SHOPLISTING +4 ring of protection (468 gold, have
                  | 438).
  8537 | D:8      | Found a glowing golden altar of the Shining One.
  8573 | D:8      | Noticed Psyche
  8577 | D:8      | Reached * piety under Okawaru
  8578 | D:8      | 8578 ||| INVOKING Heroism.
  8596 | D:8      | Killed Psyche
  8733 | D:8      | Reached skill level 1 in Invocations
  8753 | D:8      | 8753 ||| INVOKING Heroism.
  8838 | D:8      | 8838 ||| INVOKING Heroism.
  8934 | D:8      | 8934 ||| READING scroll of enchant armour.
  8934 | D:8      | 8934 ||| ENCHANTING +1 pair of gloves.
  9034 | D:8      | 9034 ||| INVOKING Heroism.
  9199 | D:8      | 9199 ||| UPGRADING to +0 pair of boots.
  9204 | D:8      | 9204 ||| UPGRADING to +0 kite shield.
  9214 | D:8      | 9214 ||| DROPPING +0 buckler.
  9215 | D:8      | 9215 ||| READING scroll labelled JELIOVEPAG.
  9240 | D:9      | Found Dyghi's Antique Weapon Emporium.
  9262 | D:9      | 9262 ||| Stepping ~*~*~tactically~*~*~ (stealth).
  9266 | D:9      | 9266 ||| Stepping ~*~*~tactically~*~*~ (stealth).
  9274 | D:9      | 9274 ||| INVOKING Heroism.
  9279 | D:9      | Reached skill level 3 in Invocations
  9290 | D:9      | Reached ** piety under Okawaru
  9291 | D:9      | Reached XP level 10. HP: 47/63 MP: 10/13
  9301 | D:9      | Reached skill level 6 in Shields
  9306 | D:9      | 9306 ||| INVOKING Heroism.
  9491 | D:9      | Found a blossoming altar of Fedhas.
  9517 | D:9      | Found Juantuim's Assorted Antiques.
  9518 | D:9      | 9518 ||| INVOKING Heroism.
  9644 | D:9      | 9644 ||| BUYING 2 potions of curing (132 gold).
  9644 | D:9      | Bought 2 potions of curing for 132 gold pieces
  9644 | D:9      | 9644 ||| BUYING fuming dark potion (19 gold).
  9644 | D:9      | Bought a fuming dark potion for 19 gold pieces
  9671 | D:9      | Found Acouf's Distillery.
  9679 | D:9      | 9679 ||| BUYING potion of attraction (30 gold).
  9679 | D:9      | Bought a potion of attraction for 30 gold pieces
  9679 | D:9      | 9679 ||| BUYING potion of attraction (30 gold).
  9679 | D:9      | Bought a potion of attraction for 30 gold pieces
  9679 | D:9      | 9679 ||| BUYING potion of curing (30 gold).
  9679 | D:9      | Bought a potion of curing for 30 gold pieces
  9679 | D:9      | 9679 ||| BUYING potion of heal wounds (50 gold).
  9679 | D:9      | Bought a potion of heal wounds for 50 gold pieces
  9679 | D:9      | 9679 ||| BUYING potion of lignification (30 gold).
  9679 | D:9      | Bought a potion of lignification for 30 gold pieces
  9691 | D:9      | Found Hiwkuc's Weapon Shop.
  9764 | D:9      | 9764 ||| INVOKING Heroism.
  9788 | D:9      | Found a broken altar of Ashenzari.
  9789 | D:9      | Found a glowing silver altar of Zin.
  9789 | D:9      | Found a shimmering blue altar of Sif Muna.
  9835 | D:9      | Noticed a necromancer
  9851 | D:9      | Killed a necromancer
  9911 | D:9      | 9911 ||| INVOKING Heroism.
  9937 | D:9      | Reached *** piety under Okawaru
  9944 | D:9      | 9944 ||| INVOKING Heroism.
 10245 | D:9      | Noticed a two-headed ogre
 10246 | D:9      | 10246 ||| INVOKING Heroism.
 10259 | D:9      | Killed a two-headed ogre
 10260 | D:9      | Reached skill level 6 in Armour
 10344 | D:9      | Found a shadowy altar of Dithmenos.
 10356 | D:9      | 10356 ||| Stepping ~*~*~tactically~*~*~ (stealth).
 10371 | D:9      | 10371 ||| Stepping ~*~*~tactically~*~*~ (stealth).
 10373 | D:9      | 10373 ||| INVOKING Heroism.
 10482 | D:9      | 10482 ||| Stepping ~*~*~tactically~*~*~ (hiding).
 10554 | D:9      | 10554 ||| INVOKING Heroism.
 10572 | D:9      | Reached skill level 9 in Shields
 10704 | D:9      | 10704 ||| INVOKING Heroism.
 10841 | D:9      | 10841 ||| Stepping ~*~*~tactically~*~*~ (stealth).
 10845 | D:9      | 10845 ||| Stepping ~*~*~tactically~*~*~ (stealth).
 10848 | D:9      | 10848 ||| Stepping ~*~*~tactically~*~*~ (hiding).
 10915 | D:9      | Found a staircase to the Lair.
 10932 | D:9      | 10932 ||| INVOKING Heroism.
 10941 | D:9      | Reached **** piety under Okawaru
 10942 | D:9      | Reached skill level 10 in Axes
 10965 | D:9      | 10965 ||| PLANNING LAIR
 10965 | D:9      | 10965 ||| DROPPING +6 ring of intelligence.
 10966 | D:9      | 10966 ||| READING scroll labelled FYNIDU WETES.
 10967 | D:9      | 10967 ||| READING 3 scrolls of identify.
 10967 | D:9      | 10967 ||| IDENTIFYING fuming dark potion
 10978 | Lair:1   | Entered Level 1 of the Lair of Beasts
 10978 | Lair:1   | Noticed an eight-headed hydra
 10979 | Lair:1   | 10979 ||| INVOKING Heroism.
 10982 | Lair:1   | 10982 ||| SWAPPING to +0 morningstar.
 10985 | Lair:1   | Reached XP level 11. HP: 67/67 MP: 11/14
 10985 | Lair:1   | 10985 ||| Stepping ~*~*~tactically~*~*~ (outnumbered).
 10986 | Lair:1   | 10986 ||| Stepping ~*~*~tactically~*~*~ (outnumbered).
 10987 | Lair:1   | 10987 ||| Stepping ~*~*~tactically~*~*~ (outnumbered).
 10989 | Lair:1   | 10989 ||| Stepping ~*~*~tactically~*~*~ (outnumbered).
 10990 | Lair:1   | 10990 ||| Stepping ~*~*~tactically~*~*~ (outnumbered).
 10992 | Lair:1   | 10992 ||| Stepping ~*~*~tactically~*~*~ (outnumbered).
 10994 | Lair:1   | HP: 15/67 [eight-headed hydra (5)]
 10995 | Lair:1   | 10995 ||| READING scroll of teleportation.
 10995 | Lair:1   | HP: 7/67 [eight-headed hydra (2)]
 10995 | Lair:1   | HP: 1/67 [eight-headed hydra (6)]
 10996 | Lair:1   | 10996 ||| DRINKING 4 potions of heal wounds.
 10997 | Lair:1   | 10997 ||| SWAPPING to +0 war axe of protection.
 11001 | Lair:1   | 11001 ||| INVOKING Heroism.
 11004 | Lair:1   | HP: 9/67 [yak (10)]
 11005 | Lair:1   | 11005 ||| DRINKING 3 potions of heal wounds.
 11010 | Lair:1   | HP: 13/67 [yak (9)]
 11011 | Lair:1   | 11011 ||| DRINKING 2 potions of heal wounds.
 11021 | Lair:1   | HP: 13/68 [komodo dragon (6)]
 11022 | Lair:1   | 11022 ||| DRINKING potion of heal wounds.
 11023 | Lair:1   | 11023 ||| INVOKING Heroism.
 11041 | Lair:1   | 11041 ||| SWAPPING to +0 morningstar.
 11044 | Lair:1   | HP: 16/68 [eight-headed hydra (4)]
 11046 | Lair:1   | HP: 5/68 [eight-headed hydra (4)]
 11047 | Lair:1   | Slain by an eight-headed hydra

Levels and vault maps discovered:
D:1:      dpeg_arrival_lava_temple_mockup, layout_basic, minmay_crystal_room,
          minmay_split_cup_small
D:2:      layout_loops_corners
D:3:      minmay_bubble_buster, layout_basic, shapermc_ecumenical_altar_pompeii
D:4:      layout_loops_ring, kennysheep_little_box, okawaru_altar_gauntlet_db,
          nicolae_overflow_crystal_walls, ebering_ghost_sewer_f, serial_shops,
          nicolae_stop_n_shop_2, kennysheep_windowed_goal
D:5:      layout_basic, doesnt_xom_only_xom
D:6:      layout_gridville, minmay_temple_entry_waves,
          minmay_misc_feat_nine_boxes, kennysheep_generic_room_6, uniq_grinder
D:7:      layout_loops_ring, gammafunk_ghost_arena
D:8:      layout_rooms, lemuel_doored_altar, serial_shops, nicolae_diamond_shop,
          uniq_psyche
D:9:      layout_roguey, fedhas_ov_isle_minmay,
          nicolae_overflow_quartered_altars, erik_lair_dragon, serial_shops,
          shop, nicolae_shop_behind_doors,
          nicolae_shop_temple_entry_statues_fountains, shop, minivault_26,
          eino_house_with_fridge
Temple:   grunt_temple_mini_profane
Lair:1:   layout_cave_pods, disabler_island, grunt_megastairs_4,
          lemuel_fruit_fields, serial_bayou_shore_b

Skill      XL: |  1  2  3  4  5  6  7  8  9 10 11 |
---------------+----------------------------------+-----
Axes           | 2 3 4 5 6 7 8 9 10 | 10.1
Dodging        | 1 2 |  2.0
Fighting       | 4 5 6 7 8 |  8.1
Throwing       | 1 |  1.8
Armour         | 4 5 6 |  6.8
Shields        | 5 9 |  9.2
Invocations    | 4 5 |  5.7

Action                   |  1- 3 |  4- 6 |  7- 9 | 10-12 || total
-------------------------+-------+-------+-------+-------++-------
Melee: War axe           |   121 |   122 |   399 |   194 ||   836
       Morningstar       |       |       |       |    10 ||    10
Throw: Boomerang         |     7 |    31 |    59 |       ||    97
Invok: Heroism           |       |       |     5 |    13 ||    18
  Use: Scroll            |     5 |     3 |    11 |     3 ||    22
       Potion            |       |     2 |     6 |     4 ||    12
Armor: Scale mail        |    77 |    47 |       |       ||   124
       Chain mail        |       |    29 |   258 |   132 ||   419
       Skin              |       |       |     5 |       ||     5
Dodge: Dodged            |    62 |    60 |   138 |   103 ||   363
Block: Buckler           |    24 |    36 |    91 |       ||   151
       Kite shield       |       |       |    14 |   140 ||   154

Table legend:
 A = Non-vault XP
 B = Vault XP
 C = Vault XP percentage of total XP
 D = Non-vault monster count
 E = Vault monster count
 F = Vault count percentage of total count
                 A         B        C        D         E       F
            +---------+---------+-------+---------+---------+-------
      Total |    8186 |    3124 |  27.6 |     180 |      43 |  19.3
            +---------+---------+-------+---------+---------+-------
        D:1 |      47 |       3 |   6.0 |      28 |       3 |   9.7
        D:2 |      48 |       0 |   0.0 |      21 |       0 |   0.0
        D:3 |      70 |      44 |  38.6 |      14 |      11 |  44.0
        D:4 |     505 |      39 |   7.2 |      23 |       7 |  23.3
        D:5 |     824 |       0 |   0.0 |      25 |       0 |   0.0
        D:6 |     668 |     268 |  28.6 |      21 |       3 |  12.5
        D:7 |     504 |       0 |   0.0 |       7 |       0 |   0.0
        D:8 |     716 |     379 |  34.6 |      13 |       1 |   7.1
        D:9 |    2717 |    2391 |  46.8 |      17 |      18 |  51.4
     Lair:1 |    2087 |       0 |   0.0 |      11 |       0 |   0.0
            +---------+---------+-------+---------+---------+-------
